AoeStats
← BAUTI :D

Black Forest

504663940Analyzed
1v1 RM · 27d ago on Sep 6, 2026· 30m 24s· 2 players
Game mode
Random Map
Map size
Tiny (2 player)
Population
200
Speed
Normal
Resources
Standard
Victory
Conquest
Starting age
Dark Age
Ending age
Imperial Age
RankedLock teamsTeams togetherTeam positionsShared explorationLock speedFull tech treeHidden civsTurbo modeCheats
Victory
Defeat
918
+17
🇦🇷 Goths · Argentina
943
-17
pisse.sur-GiveUpYouWillDie
1:01 Loom
12:11 Feudal Age
18:03 Castle Age
16:25 Double-Bit Axe
17:28 Horse Collar
20:09 Stone Mining
23:01 Heavy Plow
24:19 Fletching
26:54 Gold Mining
27:36 Bow Saw
27:54 Padded Archer Armor
28:56 Bodkin Arrow
31:01 Wheelbarrow
30:43 Leather Archer Armor
30:59 Ballistics
BAUTI :D
14:10 Feudal Age
20:21 Loom
20:30 Double-Bit Axe
27:28 Castle Age
Connection lost

Rejoining the realm…

Still unreachable

The connection could not be restored.

Session expired

The server has moved on; the page needs a fresh start.